 Dungeon Crawl Stone Soup version 0.24-a0-619-gb7544fd237 (webtiles) character file.

Game seed: 14235979783668876026, levelgen mode: deterministic

60 Ijustatesigmund the Chopper (level 3, -3/35 HPs)
             Began as a Minotaur Monk on Sept 18, 2019.
             Slain by Crazy Yiuf
             ... wielding a +3 quarterstaff of chaos
              (6 damage)
             ... on level 2 of the Dungeon.
             The game lasted 00:01:55 (1116 turns).

Ijustatesigmund the Chopper (Minotaur Monk)         Turns: 1116, Time: 00:01:57

Health: -3/35      AC: 10    Str: 15    XL:     3   Next: 80%
Magic:  2/2        EV:  7    Int:  8    God:
Gold:   61         SH:  0    Dex: 12    Spells: 2/2 levels left

rFire    . . .     SeeInvis .   a - +0 hand axe
rCold    . . .     Gourm    .   (no shield)
rNeg     . . .     Faith    .   b - +0 chain mail
rPois    .         Spirit   .   (helmet restricted)
rElec    .         Reflect  .   h - +1 cloak
rCorr    .         Harm     .   (no gloves)
MR       .....                  (no boots)
Stlth    ..........             (no amulet)
HPRegen  0.11/turn              (no ring)
MPRegen  0.08/turn              (no ring)

@: lethally poisoned (-3 -> -12), very slightly contaminated, slowed, very slow
A: retaliatory headbutt, horns 2
a: no special abilities


You were on level 2 of the Dungeon.
You were hungry.

You visited 1 branch of the dungeon, and saw 2 of its levels.

You collected 61 gold pieces.

Inventory:

Hand Weapons
 a - a +0 hand axe (weapon)
Armour
 b - a +0 chain mail (worn)
 h - a +1 cloak (worn)
Wands
 f - a wand of iceblast (9)
Scrolls
 e - 4 scrolls of identify
Comestibles
 c - 3 rations


   Skills:
 + Level 4.8 Fighting
 + Level 4.8 Axes
 - Level 3.2 Dodging
 - Level 1.5 Stealth


You had 2 spell levels left.
You didn't know any spells.
Your spell library was empty.

Dungeon Overview and Level Annotations

Branches:
Dungeon (2/15)

Altars:

Annotations:
D:2 Crazy Yiuf


Innate Abilities, Weirdness & Mutations

You reflexively headbutt those who attack you in melee.
You have a pair of horns on your head.


Message History

You are too injured to fight recklessly!
You are too injured to fight recklessly!
You aren't carrying any potions.
Blink to where?
Press: ? - help, Dir - move target cursor You are very lightly contaminated with residual magic.
As you read the scroll of blinking, it crumbles to dust.
You feel sick.
You feel sick.
Crazy Yiuf yells, "Mugger!"
Crazy Yiuf whimpers, "Candle chair blue!"
You feel sick.
There is a stone staircase leading up here.
* * * LOW HITPOINT WARNING * * *
You feel sick.
Crazy Yiuf hits you with a +3 quarterstaff of chaos!
* * * LOW HITPOINT WARNING * * *
Crazy Yiuf screams, "Rot pizzabubble dark!"
Crazy Yiuf hits you with a +3 quarterstaff of chaos.
You die...

. ## #........# .. #.
#........# ...###.
#.#.....##
.......##.##...##
.......#..##.########
.......ยง............#
........##...######.#
.............# #.#
.#.....#.#g@.# #.# .
#..####.#...# #.# ..
##..# ..###.# #.# ..##
#[.###..## #.# #.#
....##.)#...#
###.######.#
#..........###..........#
#............#..........#
###.<......#)...........#
##..........(...........#


You could see Crazy Yiuf.

Vanquished Creatures
  4 adders (D:2)
  2 dart slugs (D:2)
  A leopard gecko (D:2)
  3 hobgoblins
  A quokka (D:2)
  A bat (D:1)
  3 frilled lizards
  3 goblins (D:1)
  3 kobolds
  3 rats
24 creatures vanquished.

Vanquished Creatures (others)
  A ball python (D:2)
1 creature vanquished.

Grand Total: 25 creatures vanquished

Notes
Turn   | Place    | Note
-------+----------+-------------------------------------------
     0 | D:1      | Ijustatesigmund the Minotaur Monk began the quest for the
                  | Orb.
     0 | D:1      | Reached XP level 1. HP: 19/19 MP: 0/0
   195 | D:1      | Reached XP level 2. HP: 24/27 MP: 1/1
   571 | D:2      | Reached XP level 3. HP: 25/34 MP: 2/2
   796 | D:2      | Found a runed translucent door.
   797 | D:2      | Noticed Crazy Yiuf
  1116 | D:2      | Slain by Crazy Yiuf

Levels and vault maps discovered:
D:1:      minmay_arrival_jagged, layout_loops_ring
D:2:      layout_rooms, first_ration, uniq_terence, uniq_crazy_yiuf_cottage

Skill      XL: |  1 |
---------------+----+-----
Fighting       | 4 |  4.8
Axes           | 4 |  4.8
Dodging        | |  3.2
Stealth        | |  1.5

Action                   || total
-------------------------++-------
Melee: Hand axe          ||    70
       Headbutt          ||     9
  Use: Scroll            ||     3
       Potion            ||     1
Armor: Chain mail        ||    46
Dodge: Dodged            ||    34

Table legend:
 A = Non-vault XP
 B = Vault XP
 C = Vault XP percentage of total XP
 D = Non-vault monster count
 E = Vault monster count
 F = Vault count percentage of total count
                 A         B        C        D         E       F
            +---------+---------+-------+---------+---------+-------
      Total |      86 |       0 |   0.0 |      24 |       0 |   0.0
            +---------+---------+-------+---------+---------+-------
        D:1 |      15 |       0 |   0.0 |      11 |       0 |   0.0
        D:2 |      71 |       0 |   0.0 |      13 |       0 |   0.0
            +---------+---------+-------+---------+---------+-------
